 Dungeon Crawl Stone Soup version 0.32-a0-913-g739538afd8 (webtiles) character file.

Game seed: 10214985799981191342

298 jasper the Vexing (level 6, -4/33 HPs)
             Began as a Deep Elf Air Elementalist on Apr 7, 2024.
             Was an Initiate of Ashenzari.
             Slain by a bullfrog (8 damage)
             ... on level 4 of the Dungeon.
             The game lasted 00:04:52 (4383 turns).

jasper the Vexing (Deep Elf Air Elementalist)       Turns: 4383, Time: 00:04:53

Health: -4/33      AC:  2    Str:  5    XL:     6   Next: 13%
Magic:  9/14       EV: 10    Int: 22    God:    Ashenzari [......]
Gold:   148        SH:  4    Dex: 15    Spells: 0/13 levels left

rFire   . . .        c - +0 flail
rCold   . . .        g - +0 buckler
rNeg    + . .        a - +0 robe
rPois   .            (no helmet)
rElec   .            (no cloak)
rCorr   .            (no gloves)
SInv    .            (no boots)
Will    .....        (no amulet)
Stlth   ++           n - ring "Clairvoyant Servitude" {rN+, Self, Sorc} (curse)
HPRegen 0.25/turn    (no ring)
MPRegen 0.14/turn

%: no passive effects
@: invisible
A: no striking features
a: Renounce Religion, Curse Item, Shatter the Chains


You were on level 4 of the Dungeon.
You worshipped Ashenzari.
Ashenzari was noncommittal.
You visited 1 branch of the dungeon, and saw 4 of its levels.

You collected 148 gold pieces.

Inventory:

Hand Weapons
 c - a +0 flail (weapon)
 o - a +0 heavy mace
 r - a +2 short sword of holy wrath
Armour
 a - a +0 robe (worn)
 g - a +0 buckler (worn)
Magical Staves
 p - a staff of fire
Jewellery
 n - the cursed ring "Clairvoyant Servitude" (left hand) {rN+, Self, Sorc}
   (You found it on level 3 of the Dungeon)

   [ring of positive energy]

   rN+:       It protects you from negative energy.
   It has a curse which improves the following skills: Introspection: Fighting
   and Spellcasting.
   Sorcery:   Conjurations and Alchemy.
Wands
 s - a wand of warping (2)
Scrolls
 f - 3 scrolls of teleportation
 h - a scroll of enchant weapon {unknown}
 j - a scroll of identify
 t - a scroll of fog
 u - a scroll of poison {unknown}
 v - a scroll of noise {unknown}
Potions
 b - a potion of magic
 d - 3 potions of enlightenment
 e - a potion of invisibility
 i - a potion of ambrosia {unknown}
 k - a potion of heal wounds {unknown}
 l - 4 potions of curing {unknown}
 m - 2 potions of berserk rage {unknown}
 q - a potion of attraction {unknown}


   Skills:
 - Level 0.5(0.8) Fighting
 - Level 2.4 Dodging
 - Level 2.4 Stealth
 + Level 2.7 Shields
 - Level 3.6(4.0) Spellcasting
 - Level 2.1(2.4) Conjurations
 + Level 4.7 Hexes
 - Level 3.8 Air Magic
 + Level 0.3 Evocations


You couldn't memorise any spells.
You knew the following spells:

 Your Spells              Type           Power      Damage    Failure   Level
a - Shock                 Conj/Air       72%        1d7       5%          1
b - Static Discharge      Conj/Air       36%        3-5/arc   9%          2
c - Swiftness             Air            21%        N/A       13%         3
d - Tukima's Dance        Hex            25%        N/A       9%          3
e - Airstrike             Air            10%        2d(2-18)  38%         4

Your spell library contained the following spells:

 Spells                   Type           Power      Damage    Failure   Level
 Frozen Ramparts          Ice            8%         1d2       52%         3
 Ozocubu's Armour         Ice            4%         N/A       52%         3
 Dimensional Bullseye     Hex/Tloc       7%         N/A       58%         4
 Iskenderun's Mystic Bla Conj/Tloc 9%             2d4        (+2d1     77%         4
 Metabolic Englaciation   Hex/Ice        7%         N/A       91%         5


Dungeon Overview and Level Annotations

Branches:
Dungeon (4/15)
 Temple: D:4-7

Altars:
Ashenzari
Ru

Annotations:
D:4 3 runed translucent doors


Message History

Aiming: Shock (safe; 5% risk of failure)
Press: ? - help, Q - select action, (/) - cycle Shift-Dir - straight line, f/p - bullfrog
Aim: a bullfrog (moderately wounded, 64% to hit)
The zap hits the bullfrog!
The bullfrog is heavily wounded.
The zap hits the gnoll.
The gnoll is almost dead.
The gnoll hits you from afar with a +0 spear!
The bullfrog hits you!
* * * LOW HITPOINT WARNING * * *
You take 15 damage, and have 3/33 hp.
MASSIVE DAMAGE!!
You fade into invisibility!
The bullfrog hits you but does no damage.
You block the gnoll's attack. The bullfrog misses you.
Aiming: Shock (safe; 5% risk of failure)
Press: ? - help, Q - select action, (/) - cycle Shift-Dir - straight line, f/p - bullfrog
Aim: a bullfrog (heavily wounded, unable to see you, 64% to hit)
The zap misses the bullfrog.
The zap hits the gnoll.
You kill the gnoll!
The zap hits the gnoll.
The gnoll is lightly wounded.
You now have 11/14 mp.
Aiming: Shock (safe; 5% risk of failure)
Press: ? - help, Q - select action, (/) - cycle Shift-Dir - straight line, f/p - bullfrog
Aim: a bullfrog (heavily wounded, unable to see you, 64% to hit)
The zap hits the bullfrog.
The bullfrog is heavily wounded.
The zap hits the gnoll!
The gnoll is severely wounded.
The bullfrog misses you. x2
You now have 10/14 mp.
Aiming: Shock (safe; 5% risk of failure)
Press: ? - help, Q - select action, (/) - cycle Shift-Dir - straight line, f/p - bullfrog
Aim: a bullfrog (heavily wounded, unable to see you, 64% to hit)
The zap hits the bullfrog.
The bullfrog is severely wounded.
The zap hits the gnoll.
You kill the gnoll!
The bullfrog hits you!
You die...

#..#..#.###......#
#..#......#.######
#..#..#.#.#....# ..
#..##..#.#.#....# .
....#.......'....#
...##.....#.#....#
####..###.#)######
... .........g#F#
#.. ..#....g#.#@#
#.........#.......#
#....##.####......#
#..>..g..g.#.......
#..#.#####.#......#
.. #......# ...
......# .# ...####


You could see a bullfrog (unable to see you).

Vanquished Creatures
  A phantom (D:4)
  A scorpion (D:4)
  3 gnolls
  6 adders
  A ribbon worm (D:3)
  A dart slug (D:3)
  5 orcs
  4 endoplasms
  3 giant cockroaches
  5 goblins
  9 hobgoblins
  3 quokkas
  6 ball pythons
  7 bats
  4 frilled lizards
  13 kobolds
  11 rats
83 creatures vanquished.

Notes
Turn   | Place    | Note
-------+----------+-------------------------------------------
     0 | D:1      | jasper the Deep Elf Air Elementalist began the quest for
                  | the Orb.
     0 | D:1      | Reached XP level 1. HP: 10/10 MP: 6/6
    76 | D:1      | Reached XP level 2. HP: 5/15 MP: 4/8
   491 | D:1      | Learned a level 2 spell: Static Discharge
   711 | D:1      | Reached XP level 3. HP: 20/20 MP: 8/10
   738 | D:1      | Learned a level 3 spell: Swiftness
  1127 | D:2      | Learned a level 3 spell: Tukima's Dance
  1519 | D:2      | Reached skill level 1 in Hexes
  1907 | D:2      | Reached skill level 1 in Shields
  1907 | D:2      | Reached skill level 2 in Hexes
  1907 | D:2      | Reached XP level 4. HP: 24/24 MP: 7/11
  2404 | D:3      | Found a broken altar of Ashenzari.
  2411 | D:3      | Became a worshipper of Ashenzari the Shackled
  2710 | D:3      | Reached skill level 3 in Hexes
  3327 | D:3      | Found a sacrificial altar of Ru.
  3760 | D:4      | Reached XP level 5. HP: 28/28 MP: 5/13
  3934 | D:4      | Noticed a phantom
  3939 | D:4      | Killed a phantom
  3940 | D:4      | Reached skill level 4 in Hexes
  4025 | D:4      | Found a runed translucent gate.
  4025 | D:4      | Found a runed translucent gate.
  4025 | D:4      | Found a runed translucent gate.
  4122 | D:4      | Reached XP level 6. HP: 27/33 MP: 2/14
  4127 | D:4      | Learned a level 4 spell: Airstrike
  4383 | D:4      | Slain by a bullfrog

Illustrated notes

Levels and vault maps discovered:
D:1:      shiori_arrival_oz, layout_basic
D:2:      layout_loops_corners
D:3:      layout_basic, nicolae_ru_path_of_blood, nicolae_ashenzari_skybound
D:4:      layout_basic, gammafunk_ghost_icy

Skill      XL: |  1  2  3  4  5 |
---------------+----------------+-----
Conjurations   | 2 |  2.1
Hexes          | 2 3 4 |  4.7
Shields        | 1 2 |  2.7
Fighting       | |  0.5
Dodging        | |  2.4
Stealth        | |  2.4
Spellcasting   | |  3.6
Air Magic      | |  3.8
Evocations     | |  0.3

Action                     |  1- 3 |  4- 6 || total
---------------------------+-------+-------++-------
  Melee: Flail             |     4 |       ||     4
   Cast: Shock             |    76 |    80 ||   156
         Static Discharge  |     2 |    12 ||    14
 Invoke: Curse Item        |       |     1 ||     1
    Use: Scroll            |     1 |     5 ||     6
         Potion            |       |     1 ||     1
 Armour: Robe              |     6 |    29 ||    35
  Dodge: Dodged            |    12 |    12 ||    24
  Block: Buckler           |     1 |    11 ||    12

Table legend: (Time is in decaauts)
 A = Elapsed time spent in this place.
 B = Non-inter-level travel time spent in this place.
 C = Inter-level travel time spent in this place.
 D = Time resting spent in this place.
 E = Time spent auto-exploring this place.
 F = Levels seen in this place.
 G = Mean time per level.
                   A        B        C        D        E       F      G
               +--------+--------+--------+--------+--------+-----+--------+
         Total |   4383 |   4295 |     88 |    254 |   3642 |   4 | 1095.8 |
       Dungeon |   4383 |   4295 |     88 |    254 |   3642 |   4 | 1095.8 |
               +--------+--------+--------+--------+--------+-----+--------+

Top non-repeatable levels by time:
     D:3: 1396 daAuts
     D:2: 1284 daAuts
     D:1: 1039 daAuts
     D:4: 662 daAuts
